 Dungeon Crawl Stone Soup version 0.30-a0-879-ga8ba668304 (webtiles) character file.

Game seed: 17548758165369435417

605 BROtania the Chopper (level 7, -1/62 HPs)
             Began as a Minotaur Berserker on Mar 13, 2023.
             Was a Believer of Trog.
             Slain by a gnoll
             ... wielding a +0 club
              (8 damage)
             ... on level 5 of the Dungeon.
             The game lasted 00:22:52 (3060 turns).

BROtania the Chopper (Minotaur Berserker)           Turns: 3060, Time: 00:22:53

Health: -1/62      AC:  8    Str: 23    XL:     7   Next: 19%
Magic:  6/6        EV: 13    Int:  4    God:    Trog [**....]
Gold:   135        SH:  0    Dex: 10    Spells: 6/6 levels left

rFire   . . .      SeeInvis .    q - +2 quarterstaff (chaos)
rCold   . . .      Faith    .    (shield currently unavailable)
rNeg    . . .      Spirit   .    b - +0 animal skin
rPois   +          Reflect  .    (helmet restricted)
rElec   .          Rampage  .    r - +2 cloak
rCorr   .                        (no gloves)
Will    .....                    d - +2 pair of boots
Stlth   +                        k - amulet of magic regeneration
HPRegen 0.30/turn                f - ring of poison resistance
MPRegen 0.50/turn                (no ring)

@: no status effects
A: horns 2, retaliatory headbutt
a: Renounce Religion, Berserk, Trog's Hand


You were on level 5 of the Dungeon.
You worshipped Trog.
Trog was pleased with you.
You visited 2 branches of the dungeon, and saw 6 of its levels.

You collected 168 gold pieces.
You spent 33 gold pieces at shops.

Inventory:

Hand Weapons
 a - a +0 hand axe
 q - a +2 quarterstaff of chaos (weapon)
 t - a +0 vampiric dagger
Missiles
 n - 11 poisoned darts (quivered)
Armour
 b - a +0 animal skin (worn)
 d - a +2 pair of boots (worn)
 r - a +2 cloak (worn)
Jewellery
 f - a ring of poison resistance (left hand)
 k - an amulet of magic regeneration (around neck)
Scrolls
 c - a scroll of fear
 g - 2 scrolls of identify
 i - a scroll of blinking
 j - a scroll of enchant armour
 m - 2 scrolls of teleportation
 s - a scroll of immolation {unknown}
Potions
 e - 2 potions of brilliance {unknown}
 h - 2 potions of curing
 l - a potion of berserk rage {unknown}
 o - a potion of lignification
 p - a potion of cancellation {unknown}
 u - 2 potions of flight {unknown}


   Skills:
 + Level 5.7 Fighting
 + Level 6.1 Axes
 + Level 3.7 Staves
 + Level 3.0 Armour
 + Level 4.2 Dodging
 + Level 1.3 Stealth


You had 6 spell levels left.
You didn't know any spells.
Your spell library contained the following spells:

 Spells                   Type           Power      Damage    Failure   Level
 Blink                    Tloc           0%         N/A       65%         2
 Frozen Ramparts          Ice            0%         1d1       86%         3
 Ice Form                 Ice/Tmut       0%         N/A       99%         4
 Manifold Assault         Tloc           0%         N/A       99%         4
 Summon Ice Beast         Ice/Summ       0%         N/A       99%         4
 Dispersal                Tloc           0%         N/A       100%        6
 Storm Form               Tmut/Air       0%         N/A       100%        7
 Disjunction              Tloc           0%         N/A       100%        8


Dungeon Overview and Level Annotations

Branches:
Dungeon (5/15)             Temple (1/1) D:5

Altars:
Ashenzari
Cheibriados
Dithmenos
Elyvilon
Hepliaklqana
Kikubaaqudgha
Makhleb
Nemelex Xobeh
Okawaru
Ru
Sif Muna
Trog
Uskayaw
Vehumet
Yredelemnul
Zin
The Shining One

Shops:
D:2 :   D:5 *


Innate Abilities, Weirdness & Mutations

You have a pair of horns on your head.
You reflexively headbutt those who attack you in melee.


Message History

You kill the gnoll!
Trog accepts your kill. The gnoll barely misses you.
You hit the ogre.
The ogre seems to speed up.
The ogre is lightly wounded.
The ogre hits you with a +0 giant club!
A gnoll comes into view. It is wielding a +0 club.
The gnoll misses you.
You hit the gnoll.
The gnoll is poisoned.
The gnoll is lightly wounded.
The ogre barely misses you. The gnoll hits you but does no damage.
You hit the ogre.
The ogre is moderately wounded.
The ogre closely misses you. The gnoll closely misses you.
You sock the gnoll! You burn the gnoll.
You kill the gnoll!
Trog accepts your kill. The ogre barely misses you. You furiously retaliate!
You headbutt the ogre! The ogre barely misses you.
You barely miss the ogre. Your headbutt misses the ogre.
The ogre is severely wounded.
The ogre closely misses you. You furiously retaliate!
You headbutt the ogre. You barely miss the gnoll.
The gnoll hits you with a +0 club. The ogre misses you.
You hit the gnoll.
The gnoll seems to grow stronger.
The gnoll is moderately wounded.
The gnoll hits you with a +0 club. The ogre misses you.
The gnoll barely misses you. You furiously retaliate!
You headbutt the gnoll! You barely miss the gnoll.
Your headbutt misses the gnoll.
The gnoll is almost dead.
The ogre hits you but does no damage. The gnoll hits you with a +0 club.
You hit the ogre but do no damage. You headbutt the ogre.
The ogre is almost dead.
The ogre hits you with a +0 giant club! The gnoll hits you with a +0 club.
You barely miss the ogre.
The ogre is almost dead.
The ogre hits you with a +0 giant club!
* * * LOW HITPOINT WARNING * * *
The gnoll hits you with a +0 club!
You die...

..>..# .##.# ### ....# ##
... .# ....# .. ... ..
....# .♣ ♣.♣ ♣. ...## .
♣.♣ . .<.# .. ♣.♣.♣.♣ ..
.### ....♣.♣)♣.♣...# .#
.._...O@)..._.# .#
....♣.♣g♣.♣...# .# . ♣
♣.♣ ♣ # .# ♣.♣ ♣ .#
.♣.♣♣♣.♣♣♣g♣.#. .#
#...............
.#######.#######..##.#.##
.....[... ##.###..#
########. #......#


You could see an ogre (fast) and a gnoll (strong).

Vanquished Creatures
  A black bear (D:5)
  A scorpion (D:4)
  3 orc priests
  A hound (D:5)
  Crazy Yiuf (D:3)
  2 iguanas (D:5)
  11 adders
  7 gnolls
  An ufetubus (D:4)
  4 worms
  A dart slug (D:2)
  9 orcs
  4 ball pythons
  6 endoplasms
  3 giant cockroaches
  2 goblins
  6 hobgoblins
  3 jackals (D:1)
  5 quokkas
  4 bats
  3 frilled lizards
  9 kobolds
  5 rats
92 creatures vanquished.

Notes
Turn   | Place    | Note
-------+----------+-------------------------------------------
     0 | D:1      | BROtania the Minotaur Berserker began the quest for the
                  | Orb.
     0 | D:1      | Reached XP level 1. HP: 19/19 MP: 0/0
   209 | D:1      | Reached skill level 4 in Axes
   209 | D:1      | Reached XP level 2. HP: 27/27 MP: 1/1
   639 | D:1      | Reached ** piety under Trog
   759 | D:2      | Reached XP level 3. HP: 15/34 MP: 2/2
   765 | D:2      | HP: 1/34 [poisoned by an adder]
   886 | D:2      | Found Xeihesot's Book Boutique.
  1090 | D:2      | Reached XP level 4. HP: 26/41 MP: 3/3
  1576 | D:3      | Reached skill level 5 in Fighting
  1576 | D:3      | Reached skill level 5 in Axes
  1578 | D:3      | Reached XP level 5. HP: 44/48 MP: 4/4
  1785 | D:3      | Found a runed translucent door.
  1786 | D:3      | Noticed Crazy Yiuf
  1796 | D:3      | Killed Crazy Yiuf
  2194 | D:4      | Reached skill level 1 in Staves
  2231 | D:4      | Reached XP level 6. HP: 56/56 MP: 5/5
  2594 | D:4      | Reached skill level 6 in Axes
  2594 | D:4      | Reached skill level 1 in Stealth
  2678 | D:5      | Entered Level 5 of the Dungeon
  2725 | D:5      | Found Ineter's Assorted Antiques.
  2749 | D:5      | Bought a scroll labelled TOMATESOXT for 33 gold pieces
  2759 | D:5      | Found a staircase to the Ecumenical Temple.
  2767 | Temple   | Entered the Ecumenical Temple
  2986 | D:5      | Reached XP level 7. HP: 58/61 MP: 6/6
  3048 | D:5      | Found a glowing golden altar of the Shining One.
  3048 | D:5      | Found a shadowy altar of Dithmenos.
  3060 | D:5      | Slain by a gnoll

Illustrated notes

Levels and vault maps discovered:
D:1:      minmay_arrival_hallway, layout_loops_ring,
          chequers_serial_rivers_large_a
D:2:      layout_loops_ring, serial_shops, nicolae_lakefront_shop
D:3:      layout_basic, uniq_crazy_yiuf_cottage
D:4:      layout_loops_ring, minmay_crossroads
D:5:      layout_loops_ring, mainiacjoe_overflow_large_starburst, temple_green,
          serial_shops, shop
Temple:   nicolae_temple_no_exploring_needed

Skill      XL: |  1  2  3  4  5  6 |
---------------+-------------------+-----
Axes           | 4 5 6 |  6.1
Fighting       | 4 5 |  5.7
Dodging        | 3 4 |  4.2
Armour         | 3 |  3.0
Staves         | 1 3 |  3.7
Stealth        | 1 |  1.3

Action                     |  1- 3 |  4- 6 |  7- 9 || total
---------------------------+-------+-------+-------++-------
  Melee: Hand axe          |    73 |    36 |       ||   109
         Headbutt          |     6 |    16 |     4 ||    26
         Punch             |       |     2 |       ||     2
         Quarterstaff      |       |    67 |    19 ||    86
 Invoke: Trog's Hand       |     2 |     3 |       ||     5
         Berserk           |       |     3 |       ||     3
    Use: Scroll            |       |     7 |       ||     7
         Potion            |       |     2 |       ||     2
   Stab: Sleeping          |       |     1 |       ||     1
 Armour: Animal skin       |    10 |    37 |     3 ||    50
  Dodge: Dodged            |    50 |    71 |    16 ||   137

Table legend: (Time is in decaauts)
 A = Elapsed time spent in this place.
 B = Non-inter-level travel time spent in this place.
 C = Inter-level travel time spent in this place.
 D = Time resting spent in this place.
 E = Time spent auto-exploring this place.
 F = Levels seen in this place.
 G = Mean time per level.
                   A        B        C        D        E       F      G
               +--------+--------+--------+--------+--------+-----+--------+
         Total |   3120 |   3120 |      0 |    202 |     64 |   6 |  520.0 |
       Dungeon |   3104 |   3104 |      0 |    202 |     64 |   5 |  620.8 |
        Temple |     15 |     15 |      0 |      0 |      0 |   1 |   15.0 |
               +--------+--------+--------+--------+--------+-----+--------+

Top non-repeatable levels by time:
     D:2: 753 daAuts
     D:1: 713 daAuts
     D:3: 674 daAuts
     D:4: 580 daAuts
     D:5: 383 daAuts
  Temple: 15 daAuts
